 Dungeon Crawl Stone Soup version 0.18.1-48-g4cf74bf (webtiles) character file.

1477 Alarkh the Martial Artist (level 8, 0/55 HPs)
             Began as a Vampire Skald on July 18, 2016.
             Slain by a giant frog skeleton (5 damage)
             ... on level 6 of the Dungeon.
             The game lasted 00:11:09 (5000 turns).

Alarkh the Martial Artist (Vampire Skald)           Turns: 5000, Time: 00:11:09

Health: 0/55       AC:  4    Str: 11    XL:     8   Next: 49%
Magic:  5/13       EV: 12    Int: 18    God:
Gold:   229        SH:  0    Dex: 14    Spells: 3 memorised, 8 levels left

rFire  . . .     SeeInvis +       - Unarmed
rCold  + . .     Gourm    .     v - +2 robe {rC+}
rNeg   . . .     Faith    .     (no shield)
rPois  .         Spirit   .     (no helmet)
rElec  .         Dismiss  .     (no cloak)
rCorr  .         Reflect  .     (no gloves)
SustAt .         Harm     .     (no boots)
MR     .....                    (no amulet)
Stlth  +.........               (no ring)
                                (no ring)

@: infused, regenerating very quickly, not resistant to hostile enchantments,
very unstealthy
A: fangs 3, talons 1, see invisible, clever 1, unbreathing, evolution 1,
MP-powered wands
a: no special abilities


You were on level 6 of the Dungeon.
You were almost alive.

You visited 1 branch of the dungeon, and saw 6 of its levels.
You also visited: Sewer.

You collected 229 gold pieces.

Inventory:

Missiles
 q - 3 throwing nets (quivered)
Armour
 a - a +0 leather armour
 v - a +2 robe of cold resistance (worn)
Magical Staves
 f - an uncursed staff of energy
Wands
 d - a wand of hasting (9/9)
 o - a wand of confusion (9/48)
Scrolls
 j - 3 scrolls of remove curse
 n - a scroll of noise
 s - a scroll of fog
 w - a scroll of magic mapping
Potions
 c - 13 potions of blood
 g - a potion of flight
 m - 2 potions of brilliance
 t - 2 potions of curing
 u - a potion of degeneration {unknown}
Books
 b - a book of Battle

   Spells                             Type                      Level
   a - Infusion                       Charms                       1
   b - Shroud of Golubria             Charms/Translocation         2
   c - Song of Slaying                Charms                       2
   d - Spectral Weapon                Hexes/Charms                 3
   e - Regeneration                   Charms/Necromancy            3
 p - a book of Power

   Spells                             Type                      Level
   a - Fulminant Prism                Conjuration/Hexes            4
   b - Iskenderun's Mystic Blast      Conjuration                  4
   c - Venom Bolt                     Conjuration/Poison           5
   d - Bolt of Magma                  Conjuration/Fire/Earth       5
   e - Iron Shot                      Conjuration/Earth            6
   f - Orb of Destruction             Conjuration                  7
   g - Spellforged Servitor           Conjuration/Summoning        7


   Skills:
 - Level 1.7 Fighting
 - Level 0.7 Armour
 - Level 1.1 Dodging
 * Level 10.5 Unarmed Combat
 - Level 3.5 Spellcasting
 - Level 5.0 Charms


You had 8 spell levels left.
You knew the following spells:

 Your Spells              Type           Power        Failure   Level  Hunger
a - Infusion              Chrm           ###.         1%          1    None
b - Shroud of Golubria    Chrm/Tloc      ##........   12%         2    ##.....
c - Regeneration          Chrm/Necr      ##........   21%         3    ###....


Dungeon Overview and Level Annotations

Branches:
Dungeon (6/15)
 Temple: D:4-7

Altars:
Gozag
Yredelemnul


Innate Abilities, Weirdness & Mutations

Your natural rate of healing is extremely fast.
You have razor-sharp teeth.
You have supernaturally acute eyesight.
You can survive without breathing.
You have sharp toenails.
Your mind is acute. (Int +2)
You evolve.
You expend magic power (3 MP) to strengthen your wands.


Message History

* * * LOW HITPOINT WARNING * * *
You punch the black bear!
You claw the black bear, but do no damage.
The black bear is almost dead.
The black bear bites you.
* * * LOW HITPOINT WARNING * * *
The black bear claws you.
* * * LOW HITPOINT WARNING * * *
The black bear claws you.
* * * LOW HITPOINT WARNING * * *
You punch the black bear!
You kill the black bear!
The giant frog skeleton misses you.
You barely miss the giant frog skeleton.
Your kick misses the giant frog skeleton.
The giant frog skeleton barely misses you.
You hit the giant frog skeleton.
The giant frog skeleton closely misses you.
You hit the giant frog skeleton! The giant frog skeleton hits you.
You die...

#.#..........# #.# #
#.######.##..# ### #.# # ..#
#..#..# #.###.# #
#.######..#..#####..##.# #
.................#..##.# #
.................#...#.##########
#.##.##......#................##.
#................................
#............#.#@#...#...........
#.##.#..#....#.#Z#...#........##.
........[............#..#####.##.
#.##.........#.#.#...#.<# #.##.
......)[.............#..# #.##.
#.......#..#.#.#.##..#..#***#.##.
........#..#.#.#.##..#...,,,..##.
...................,.....,,,.....
#..#.........#.#.##,,...,,,,*.#,*


You could see a giant frog skeleton.

Vanquished Creatures
  Edmund (D:4)
  A black bear (D:6)
  5 ogres (D:4)
  A big kobold (Sewer)
  A giant frog (D:6)
  A scorpion (D:6)
  3 wights (D:6)
  A crimson imp (D:4)
  A jelly (D:6)
  2 hounds
  3 orc wizards
  A centaur skeleton (D:4)
  A giant frog skeleton (D:4)
  A worker ant (D:4)
  5 gnolls
  5 adders
  4 river rats
  A shadow imp (D:3)
  An adder zombie (D:2)
  4 worms
  4 dart slugs
  4 giant geckos
  11 orcs
  8 bats
  7 giant cockroaches
  3 goblins
  4 hobgoblins (D:1)
  14 jackals
  A quokka (D:6)
  5 ball pythons
  A giant newt (D:3)
  A jackal skeleton (D:4)
  7 kobolds
  12 rats
125 creatures vanquished.

Notes
Turn   | Place    | Note
--------------------------------------------------------------
     0 | D:1      | Alarkh the Vampire Skald began the quest for the Orb.
     0 | D:1      | Reached XP level 1. HP: 16/16 MP: 3/3
    75 | D:1      | Reached XP level 2. HP: 5/22 MP: 0/5
   220 | D:1      | HP: 1/22 [jackal (2)]
   243 | D:1      | Reached skill level 3 in Unarmed Combat
   381 | D:1      | Reached XP level 3. HP: 25/27 MP: 2/6
   385 | D:1      | Learned a level 2 spell: Shroud of Golubria
   389 | D:1      | Learned a level 3 spell: Regeneration
   880 | D:2      | Reached XP level 4. HP: 33/33 MP: 3/7
   906 | D:2      | Found a basalt altar of Yredelemnul.
  1427 | D:3      | Reached skill level 4 in Unarmed Combat
  1895 | D:3      | Reached XP level 5. HP: 36/38 MP: 9/9
  2199 | D:4      | Noticed an ogre
  2210 | D:4      | Killed an ogre
  2210 | D:4      | Reached skill level 5 in Unarmed Combat
  2210 | D:4      | Reached XP level 6. HP: 28/44 MP: 0/11
  2258 | D:4      | Reached skill level 5 in Charms
  2461 | D:4      | Reached skill level 6 in Unarmed Combat
  2550 | D:4      | Noticed Edmund
  2569 | D:4      | Killed Edmund
  2569 | D:4      | Reached skill level 7 in Unarmed Combat
  2569 | D:4      | Reached XP level 7. HP: 35/49 MP: 7/12
  2865 | D:4      | Reached skill level 8 in Unarmed Combat
  2952 | D:4      | You fall through a shaft for 2 floors!
  3067 | D:6      | Found a glowing drain.
  3108 | Sewer    | Entered a sewer
  3125 | Sewer    | Reached XP level 8. HP: 11/55 MP: 2/13
  3250 | Sewer    | Reached skill level 9 in Unarmed Combat
  3281 | Sewer    | Found a white marble altar of Elyvilon.
  4281 | D:5      | Entered Level 5 of the Dungeon
  4525 | D:6      | Reached skill level 10 in Unarmed Combat
  4530 | D:6      | Found an opulent altar of Gozag.
  4894 | D:6      | Gained mutation: You expend magic power (3 MP) to strengthen your wands. [potion of mutation]
  4894 | D:6      | Gained mutation: You evolve. [potion of mutation]
  4894 | D:6      | Gained mutation: You have sharp toenails. [potion of mutation]
  4895 | D:6      | Gained mutation: Your mind is acute. (Int +2) [potion of beneficial mutation]
  5000 | D:6      | Slain by a giant frog skeleton

Skill      XL: |  1  2  3  4  5  6  7  8 |
---------------+-------------------------+-----
Unarmed Combat | 3 4 5 7 8 10 | 10.5
Charms         | 4 5 |  5.0
Spellcasting   | 3 |  3.5
Fighting       | |  1.7
Armour         | |  0.7
Dodging        | |  1.1

Action                   |  1- 3 |  4- 6 |  7- 9 || total
-------------------------+-------+-------+-------++-------
Melee: Unarmed           |   123 |   166 |   179 ||   468
       Bite              |    10 |    13 |    11 ||    34
       Punch             |       |     4 |     6 ||    10
       Kick              |       |       |     3 ||     3
 Cast: Infusion          |    14 |    16 |    16 ||    46
       Shroud of Golubri |       |     7 |     9 ||    16
       Regeneration      |       |       |     2 ||     2
 Abil: End Transformatio |       |       |     1 ||     1
       Bat Form          |       |       |     1 ||     1
  Use: Potion            |     6 |    14 |    22 ||    42
       Scroll            |       |     4 |     7 ||    11
 Stab: Distracted        |       |       |     1 ||     1
       Sleeping          |       |       |     1 ||     1
Armor: Leather armour    |    40 |    42 |    22 ||   104
       Skin              |       |       |    11 ||    11
       Robe              |       |       |     4 ||     4
       Ring mail         |       |       |     1 ||     1
Dodge: Dodged            |    95 |   104 |   101 ||   300
